 Dungeon Crawl Stone Soup version 0.32-a0-411-g744942f433 (webtiles) character file.

Game seed: 9353645974903980674

1656 adelrune the Covered (level 8, -4/102 HPs)
             Began as an Armataur Fighter on Feb 20, 2024.
             Was an Initiate of Wu Jian.
             Slain by a killer bee (5 damage)
             ... on level 7 of the Dungeon.
             The game lasted 00:14:40 (5265 turns).

adelrune the Covered (Armataur Fighter)             Turns: 5265, Time: 00:14:40

Health: -4/102     AC: 13    Str: 24    XL:     8   Next: 68%
Magic:  8/8        EV:  4    Int:  8    God:    Wu Jian [......]
Gold:   330        SH: 10    Dex: 10    Spells: 7/7 levels left

rFire   . . .        a - +0 flail
rCold   . . .        c - +0 buckler
rNeg    + . .        F - +0 plate armour
rPois   .            (no helmet)
rElec   .            d - +0 cloak
rCorr   .            v - +0 pair of gloves
SInv    +            (no barding)
Will    .....        s - amulet of reflection Stlth
                     A - ring of see invisible
HPRegen 0.37/turn    o - ring of positive energy
MPRegen 0.11/turn

%: reflection, roll
@: mighty, berserking (expiring), invisible, very quick
A: large, deformed body, tough skin 3, armoured tail, roll 2
a: Renounce Religion


You were on level 7 of the Dungeon.
You worshipped Wu Jian.
Wu Jian was noncommittal.
You visited 2 branches of the dungeon, and saw 8 of its levels.

You collected 330 gold pieces.

Inventory:

Hand Weapons
 a - a +0 flail (weapon)
Armour
 c - a +0 buckler (worn)
 d - a +0 cloak (worn)
 m - a +0 chain mail
 v - a +0 pair of gloves (worn)
 F - a +0 plate armour (worn)
Jewellery
 g - a ring of flight
 o - a ring of positive energy (right hand)
 s - an amulet of reflection (around neck)
 y - an amulet of faith
 A - a ring of see invisible (left hand)
 D - a ring of resist corrosion
Scrolls
 h - a scroll of fear {unknown}
 j - a scroll of poison {unknown}
 l - a scroll of enchant weapon {unknown}
 p - 6 scrolls of identify {unknown}
 t - 2 scrolls of vulnerability {unknown}
 u - a scroll of teleportation {unknown}
 w - 2 scrolls of noise {unknown}
 x - a scroll of immolation {unknown}
 E - a scroll of revelation {unknown}
 G - a scroll of fog {unknown}
Potions
 e - 2 potions of haste {unknown}
 f - 2 potions of curing {unknown}
 i - 3 potions of invisibility
 k - 2 potions of attraction {unknown}
 n - a potion of cancellation {unknown}
 q - a potion of brilliance {unknown}
 r - a potion of enlightenment {unknown}
 z - a potion of berserk rage
 B - a potion of heal wounds {unknown}
 C - a potion of mutation {unknown}


   Skills:
 + Level 5.2 Fighting
 * Level 6.6 Maces & Flails
 + Level 6.9 Armour
 + Level 6.2 Shields


You had 7 spell levels left.
You didn't know any spells.
Your spell library contained the following spells:

 Spells                   Type           Power      Damage    Failure   Level
 Magic Dart               Conj           0%         1d3       100%        1
 Blink                    Tloc           0%         N/A       100%        2
 Call Imp                 Summ           0%         N/A       100%        2
 Lesser Beckoning         Tloc           0%         N/A       100%        2
 Gell's Gravitas          Tloc           0%         N/A       100%        3
 Teleport Other           Tloc           0%         N/A       100%        3
 Tukima's Dance           Hex            0%         N/A       100%        3
 Dimensional Bullseye     Hex/Tloc       0%         N/A       100%        4
 Iskenderun's Mystic Bla  Conj/Tloc      0%         2d3       100%        4
 Leda's Liquefaction      Alch/Erth      0%         N/A       100%        4
 Lee's Rapid Deconstruct  Erth           0%         3d4*      100%        5
 Bombard                  Conj/Erth      0%         9d1       100%        6
 Sculpt Simulacrum        Ice/Alch       0%         N/A       100%        6
 Ozocubu's Refrigeration  Ice            0%         4d7       100%        7
 Polar Vortex             Ice            0%         N/A       100%        9


Dungeon Overview and Level Annotations

Branches:
Dungeon (7/15)             Temple (1/1) D:6

Altars:
Ashenzari
Cheibriados
Dithmenos
Elyvilon
Hepliaklqana
Kikubaaqudgha
Makhleb
Nemelex Xobeh
Okawaru
Qazlal
Ru
Sif Muna
Trog
Uskayaw
Vehumet
Wu Jian
Xom
Yredelemnul
Zin
The Shining One

Shops:
D:1 !

Annotations:
D:7 2 runed translucent doors, Azoth's ghost, amateur DsSh
Temple 2 transporters


Innate Abilities, Weirdness & Mutations

Armour fits poorly on your strangely shaped body.
You have extremely tough skin. (AC +3)
You have a long armoured tail.
You regenerate magic and health when rolling toward enemies. (Rampage Regen)


Message History

The Council accepts your kill.
* * * LOW HITPOINT WARNING * * *
You feel sick.
You closely miss the killer bee.
* * * LOW HITPOINT WARNING * * *
You feel sick. You block the killer bee's attack.
The killer bee barely misses you.
You completely miss the killer bee.
* * * LOW HITPOINT WARNING * * *
You feel sick.
The killer bee stings you but does no damage.
You barely miss the killer bee. You tail-slap the killer bee!
The killer bee is heavily wounded.
* * * LOW HITPOINT WARNING * * *
You feel sick.
The killer bee stings you but does no damage.
You block the killer bee's attack.
You barely miss the killer bee.
The killer bee is heavily wounded.
The killer bee completely misses you.
You strike the helpless killer bee from behind!
You sock the killer bee!
You kill the killer bee!
The Council accepts your kill.
* * * LOW HITPOINT WARNING * * *
You feel sick.
The killer bee buzzes angrily.
The killer bee barely misses you.
You barely miss the killer bee.
* * * LOW HITPOINT WARNING * * *
You feel sick.
The killer bee buzzes angrily.
The killer bee stings you but does no damage.
You thump the killer bee!
Your tail-slap misses the killer bee.
The killer bee is heavily wounded.
* * * LOW HITPOINT WARNING * * *
You feel sick.
You are no longer poisoned.
The killer bee stings you.
You die...

######.#..#####.#
#..'...
.......#..# #.#
####...
#####..#..#####.#
#...
................#
#...
####..###########
#... #....# ####
#.#### #.#
####### #.######
#.y@..#
####......#
#.###.#
......###.# #.
#.# .####.# #.#
#y #.# #.#
#.####. #.# #.#
#.#..#y #.# ###
..# #.#..#.
#.####### #.. ###
#.#..## #.......#
###.# #....#
#######.# #...#


You could see a killer bee (unable to see you).

Vanquished Creatures
  3 yaks
  An ice beast (D:5)
  A centaur (D:6)
  A scorpion (D:4)
  4 killer bees (D:7)
  A bombardier beetle (D:5)
  A jelly (D:7)
  2 orc priests
  2 hounds
  Crazy Yiuf (D:3)
  A sleepcap (D:5)
  6 iguanas
  An orc wizard (D:3)
  8 gnolls
  7 adders
  2 white imps
  8 ufetubi
  3 dart slugs
  A ribbon worm (D:4)
  14 orcs
  6 ball pythons
  6 endoplasms
  3 giant cockroaches
  6 goblins
  10 hobgoblins
  2 quokkas (D:1)
  9 bats
  2 frilled lizards
  A goblin skeleton (D:3)
  2 goblin zombies (D:3)
  2 hobgoblin zombies (D:3)
  4 kobolds
  A kobold zombie (D:3)
  An orc skeleton (D:3)
  7 rats
130 creatures vanquished.

Notes
Turn   | Place    | Note
-------+----------+-------------------------------------------
     0 | D:1      | adelrune the Armataur Fighter began the quest for the Orb.
     0 | D:1      | Reached XP level 1. HP: 18/18 MP: 1/1
   108 | D:1      | Reached XP level 2. HP: 22/25 MP: 2/2
   137 | D:1      | Found Duuhipn's Distillery.
   454 | D:1      | Reached XP level 3. HP: 30/30 MP: 3/3
   758 | D:2      | Found a bloodstained altar of Trog.
   795 | D:2      | You are sucked into a shaft and drop 1 floor!
   804 | D:3      | Found a glowing golden altar of the Shining One.
  1036 | D:2      | Reached XP level 4. HP: 38/38 MP: 4/4
  1766 | D:3      | Reached XP level 5. HP: 37/45 MP: 5/5
  2086 | D:3      | Found a runed translucent door.
  2087 | D:3      | Noticed Crazy Yiuf
  2096 | D:3      | Killed Crazy Yiuf
  2560 | D:4      | Found a shadowy altar of Dithmenos.
  2783 | D:4      | Reached XP level 6. HP: 51/52 MP: 6/6
  2905 | D:4      | Reached skill level 5 in Armour
  3152 | D:5      | Entered Level 5 of the Dungeon
  3225 | D:5      | Found an ancient bone altar of Kikubaaqudgha.
  3612 | D:5      | Noticed an ice beast
  3618 | D:5      | Killed an ice beast
  3619 | D:5      | Gained mutation: You regenerate magic and health when
                  | rolling toward enemies. (Rampage Regen) [Armataur growth]
  3619 | D:5      | Reached XP level 7. HP: 59/59 MP: 7/7
  3747 | D:5      | Reached skill level 5 in Shields
  3894 | D:5      | Found a sparkling altar of Nemelex Xobeh.
  3915 | D:5      | Found a snail-covered altar of Cheibriados.
  3924 | D:5      | Reached skill level 5 in Maces & Flails
  4280 | D:6      | Found a staircase to the Ecumenical Temple.
  4305 | Temple   | Found a transporter.
  4305 | Temple   | Found a transporter.
  4305 | Temple   | Found a transporter.
  4305 | Temple   | Found a transporter.
  4305 | Temple   | Entered the Ecumenical Temple
  4322 | Temple   | Became a worshipper of the Wu Jian Council
  4385 | D:6      | Noticed a yak
  4385 | D:6      | Noticed a yak
  4387 | D:6      | Noticed a yak
  4399 | D:5      | Killed a yak
  4494 | D:5      | Killed a yak
  4495 | D:5      | Reached XP level 8. HP: 58/67 MP: 8/8
  4642 | D:6      | Noticed an angel
  4710 | D:6      | Found a glowing silver altar of Zin.
  4710 | D:6      | Found a shimmering altar of Xom.
  4762 | D:6      | Reached skill level 5 in Fighting
  5010 | D:7      | Noticed Azoth's ghost (amateur DsSh)
  5032 | D:7      | Found a runed translucent gate.
  5032 | D:7      | Found a runed translucent gate.
  5258 | D:7      | HP: 5/102 [poisoned by a killer bee]
  5263 | D:7      | HP: 2/102 [poisoned by a killer bee]
  5265 | D:7      | Slain by a killer bee

Illustrated notes

Levels and vault maps discovered:
D:1:      dpeg_arrival_more_subterranean_lakeside_camping, layout_basic,
          serial_shops, nicolae_shop_peninsula, minmay_misc_feat_square
D:2:      layout_basic, basic_altar
D:3:      layout_rooms, nicolae_tso_besieged_by_evil, uniq_crazy_yiuf_cottage
D:4:      layout_loops_ring, mainiacjoe_overflow_chevrons
D:5:      layout_loops_corners, nemelex_spade_bored_becter, cheibriados_altar_1,
          amcnicky_altar_gilded
D:6:      layout_loops_ring, grunt_temple_overflow_order_and_chaos_1,
          minmay_temple_entry_proselytizer
D:7:      layout_basic, gammafunk_ghost_split
Temple:   hellmonk_temple_divided_pantheon

Skill      XL: |  1  2  3  4  5  6  7  8 |
---------------+-------------------------+-----
Maces & Flails | 2 3 4 5 6 |  6.6
Fighting       | 3 4 5 |  5.2
Armour         | 4 5 6 |  6.9
Shields        | 4 5 6 |  6.2

Action                     |  1- 3 |  4- 6 |  7- 9 || total
---------------------------+-------+-------+-------++-------
  Melee: Flail             |    81 |   196 |   154 ||   431
         Tailslap          |     4 |    21 |    18 ||    43
Ability: Lunge             |       |       |     5 ||     5
    Use: Potion            |       |     2 |     3 ||     5
   Stab: Invisible         |       |       |     2 ||     2
 Armour: Scale mail        |    49 |       |       ||    49
         Chain mail        |     9 |   136 |   111 ||   256
         Plate armour      |       |       |    46 ||    46
  Dodge: Dodged            |    23 |    59 |    41 ||   123
  Block: Buckler           |    17 |    98 |    94 ||   209
         Reflection        |       |     6 |     1 ||     7

Table legend: (Time is in decaauts)
 A = Elapsed time spent in this place.
 B = Non-inter-level travel time spent in this place.
 C = Inter-level travel time spent in this place.
 D = Time resting spent in this place.
 E = Time spent auto-exploring this place.
 F = Levels seen in this place.
 G = Mean time per level.
                   A        B        C        D        E       F      G
               +--------+--------+--------+--------+--------+-----+--------+
         Total |   5355 |   5075 |    280 |    459 |   3458 |   8 |  669.4 |
       Dungeon |   5325 |   5052 |    273 |    459 |   3458 |   7 |  760.7 |
        Temple |     29 |     22 |      7 |      0 |      0 |   1 |   29.0 |
               +--------+--------+--------+--------+--------+-----+--------+

Top non-repeatable levels by time:
     D:5: 1165 daAuts
     D:1: 928 daAuts
     D:3: 826 daAuts
     D:4: 787 daAuts
     D:2: 723 daAuts
     D:6: 590 daAuts
     D:7: 304 daAuts
  Temple: 29 daAuts
